Map: Neon Violet Square LE

Players

amepikaHHo - Winner!

  • Race: Protoss Protoss
  • League: Gold
  • Spawn Location: 5:00

chuwanga

  • Race: Terran Terran
  • League: Gold
  • Spawn Location: 11:00

VOD

Have the link to the VOD?

Description

Time

  • Played on: Dec. 26, 2017, 7:56 p.m.
  • Length: 34:36
Show
View Real Time Build Order
Export as new Build Order

amepikaHHo Protoss - Winner!

Build Orders:  

Get SALT Encoding   

  12  0:01  Probe  
  13  0:13  Probe  
  14  0:19  Pylon  
  14  0:26  Probe  
  15  0:38  Gateway  
  15  0:47  Probe  
  16  0:50  Assimilator  
  16  0:59  Probe  
  17  1:14  Probe  
  18  1:25  Cybernetics Core  
  18  1:32  Probe  
  19  1:44  Assimilator  
  19  1:49  Probe  
  20  1:59  Nexus  
  20  2:04  Warp Gate  
  20  2:11  Robotics Facility  
  20  2:17  Assimilator  
  20  2:27  Stalker (Chrono Boost)  
  22  2:38  Probe  
  23  2:56  Pylon  
  23  3:11  Observer, Stalker, Probe  
  27  3:22  Probe (Chrono Boost)  
  28  3:33  Probe (Chrono Boost), Pylon  
  30  3:34  Probe (Chrono Boost)  
  30  3:36  Observer  
  31  3:48  Gateway  
  31  3:50  Gateway  
  31  3:55  Pylon  
  31  3:56  Forge  
  31  3:58  Pylon  
  31  4:03  Probe, Pylon  
  31  4:07  Probe  
  33  4:41  Assimilator  
  33  4:44  Assimilator  
  33  4:48  Photon Cannon  
  33  4:50  Protoss Ground Armor Level 1 (Chrono Boost)  
  33  4:51  Photon Cannon  
  33  4:55  Photon Cannon  
  33  4:59  Photon Cannon  
  33  5:00  Probe x2  
  35  5:12  Probe  
  35  5:13  Probe  
  37  5:16  Twilight Council  
  37  5:31  Gateway  
  37  5:32  Gateway  
  37  5:34  Probe  
  37  5:35  Probe  
  39  5:56  Immortal  
  43  6:02  Stalker x2  
  47  6:10  Sentry  
  49  6:19  Gateway  
  49  6:20  Probe (Chrono Boost)  
  49  6:23  Observer  
  50  6:32  Probe (Chrono Boost)  
  51  6:42  Gateway x2  
  51  7:15  Probe x2  
  53  7:19  Protoss Ground Armor Level 2 (Chrono Boost), Nexus  
  53  7:22  Assimilator  
  53  7:25  Charge  
  53  7:26  Assimilator  
  53  7:27  Probe x2  
  55  7:38  Templar Archives  
  55  7:40  Pylon  
  55  7:49  Sentry x4  
  63  7:51  Probe  
  63  7:54  Probe  
  63  7:58  Observer  
  66  8:03  Zealot x2  
  70  8:18  Probe x2  
  59  8:30  Probe x2  
  61  8:38  Pylon  
  45  8:51  Probe  
  45  8:52  Probe x2  
  48  9:03  Probe  
  48  9:04  Probe x2  
  51  9:16  Resonating Glaives  
  51  9:18  Probe x2  
  51  9:19  Probe  
  54  9:24  High Templar  
  54  9:26  High Templar  
  54  9:30  Probe (Chrono Boost)  
  54  9:31  Probe (Chrono Boost)  
  61  9:32  Probe (Chrono Boost)  
  61  9:40  Observer  
  61  9:57  Gateway  
  61  9:58  Gateway, Zealot  
  63  10:06  Observer  
  63  10:09  Probe x3  
  66  10:17  High Templar x2  
  66  10:18  High Templar x2  
  66  10:20  High Templar x2  
  78  10:22  Archon  
  78  10:28  Observer (Chrono Boost)  
  79  10:29  Archon  
  79  10:30  Archon  
  79  10:32  Archon  
  79  10:43  Adept  
  79  10:44  Adept  
  79  10:45  Immortal (Chrono Boost)  
  87  10:50  Probe x2 (Chrono Boost)  
  87  10:51  Probe (Chrono Boost)  
  90  11:02  Probe x2 (Chrono Boost)  
  90  11:03  Probe (Chrono Boost), Protoss Ground Armor Level 3  
  93  11:09  High Templar  
  93  11:10  High Templar  
  97  11:13  Sentry  
  97  11:14  Sentry  
  97  11:17  Archon  
  101  11:22  Pylon  
  101  11:23  Pylon  
  101  11:40  Probe x3  
  101  11:41  Zealot x5  
  114  12:15  Nexus  
  114  12:16  Colossus  
  114  12:19  Assimilator  
  114  12:23  Assimilator  
  113  12:39  Zealot  
  113  12:40  Zealot  
  117  12:48  Pylon x2  
  117  12:52  Pylon  
  117  12:53  Pylon  
  117  12:54  Pylon  
  117  12:55  Pylon  
  49  13:31  Zealot x6  
  49  13:32  Zealot x4  
  59  13:41  Probe  
  59  13:42  Protoss Ground Weapons Level 1 (Chrono Boost), Probe x2  
  62  13:53  Probe  
  62  13:55  Adept x7  
  73  13:56  Adept x3  
  83  14:24  High Templar x2, Assimilator  
  83  14:25  High Templar x3  
  83  14:27  High Templar, Nexus  
  83  14:30  Archon, Assimilator  
  83  14:31  Archon x2  
  95  14:35  Pylon  
  95  14:37  Pylon  
  95  14:39  Pylon  
  95  14:45  Blink  
  95  15:23  Probe  
  95  15:24  Probe x2, Photon Cannon  
  95  15:26  Photon Cannon  
  98  15:29  High Templar  
  98  15:30  High Templar x7  
  98  15:31  High Templar  
  98  15:34  Archon x4  
  117  15:35  Probe  
  117  15:36  Probe x2  
  119  15:47  Probe  
  119  15:48  Probe  
  119  15:49  Observer  
  122  16:10  Observer  
  114  16:51  Zealot  
  114  16:52  Zealot x6  
  114  16:53  Zealot x3  
  134  16:55  Protoss Ground Weapons Level 2  
  56  17:42  Zealot x7  
  56  17:43  Zealot x3  
  62  17:48  Probe x4  
  66  18:00  Probe x4, Photon Cannon  
  66  18:04  Photon Cannon  
  70  18:08  Photon Cannon  
  70  18:12  Probe x4  
  74  18:24  Probe x4  
  74  18:25  Photon Cannon  
  78  18:28  Photon Cannon  
  78  18:30  High Templar x5  
  78  18:31  High Templar x5  
  78  18:32  Photon Cannon  
  98  18:35  Photon Cannon  
  98  18:36  Probe  
  98  19:05  Protoss Ground Weapons Level 3 (Chrono Boost)  
  98  19:07  High Templar x4  
  106  19:11  Archon  
  106  19:12  Archon x5  
  106  19:13  Archon  
  106  19:44  Nexus  
  106  19:47  Assimilator  
  106  19:49  Assimilator  
  106  19:52  Pylon  
  106  19:54  Adept  
  106  19:55  Adept x6, Pylon  
  106  19:58  Psionic Storm  
  120  20:02  Pylon  
  120  20:04  Nexus  
  120  20:07  Assimilator  
  120  20:08  Assimilator  
  120  20:13  Observer (Chrono Boost)  
  121  20:29  Observer (Chrono Boost)  
  122  20:46  Observer, Zealot  
  122  20:47  Zealot x5  
  135  20:51  Adept x4  
  143  21:09  Adept  
  143  21:10  Adept x5  
  155  21:21  High Templar x4  
  159  21:35  Protoss Shields Level 1  
  159  21:38  Pylon  
  159  21:41  Pylon  
  159  21:44  Photon Cannon  
  159  21:47  Photon Cannon  
  159  21:48  Probe x2  
  159  21:49  Probe  
  159  21:50  Photon Cannon  
  159  21:51  Probe x3  
  165  21:54  Photon Cannon  
  165  21:56  High Templar x2  
  165  21:57  High Templar  
  165  22:00  Archon x2  
  165  22:01  Archon  
  171  22:18  Gateway  
  171  22:19  Gateway  
  171  22:21  Gateway  
  171  22:23  Gateway  
  171  22:26  Zealot x5  
  171  22:27  Gateway  
  171  22:29  Gateway  
  181  22:30  Gateway  
  181  22:31  Gateway  
  181  22:32  Observer, Gateway  
  181  22:35  Gateway  
  182  22:46  Robotics Bay  
  182  22:48  Sentry x4  
  182  22:49  Sentry x3  
  196  22:53  Zealot x2  
  200  23:57  Extended Thermal Lance (Chrono Boost)  
  200  24:14  Photon Cannon x2  
  200  24:15  Photon Cannon  
  183  24:51  Zealot  
  183  24:52  Zealot x6  
  195  24:53  Pylon, Zealot  
  153  25:30  Gravitic Drive  
  153  25:48  Nexus  
  153  25:52  Assimilator  
  153  25:55  Assimilator  
  153  25:56  Nexus  
  153  25:59  Assimilator  
  153  26:02  Assimilator  
  153  26:05  Pylon  
  153  26:07  Pylon  
  153  26:10  Pylon  
  152  26:18  High Templar x3  
  152  26:19  High Templar x7  
  152  26:20  High Templar  
  152  26:22  Sentry x2  
  152  26:23  Sentry, Pylon  
  152  26:24  Pylon  
  152  26:25  Zealot x4  
  184  26:26  Zealot x2  
  184  26:27  Observer Gravitic Boosters  
  184  26:28  Archon, Pylon  
  184  26:29  Archon x4  
  192  26:52  Zealot x4  
  200  27:11  Observer  
  199  27:31  Colossus  
  199  27:33  Observer  
  146  28:45  Observer  
  125  28:57  Zealot x6  
  125  28:58  Zealot x5  
  125  28:59  Zealot x6  
  125  29:00  Zealot x3  
  161  29:06  Observer  
  158  29:28  Observer  
  146  29:53  Observer  
  146  29:59  Stalker  
  149  30:00  Stalker x5  
  149  30:01  Stalker x5  
  149  30:02  Stalker x4  
  149  30:03  Stalker x4  
  149  30:04  Stalker  
  187  30:15  Observer  
  188  30:31  Zealot x6  
  200  31:31  Assimilator  
  200  31:32  Nexus  
  200  31:33  Protoss Shields Level 2 (Chrono Boost)  
  200  31:35  Pylon, Assimilator  
  200  31:36  Pylon  
  200  31:38  Pylon  
  196  31:52  Gateway  
  194  31:54  Gateway  
  194  31:55  Gateway  
  194  31:58  Gateway  
  194  32:01  Gateway x2  
  194  32:04  Gateway  
  194  32:07  Gateway  
  194  32:08  Gateway  
  194  32:10  Gateway  
  191  33:09  Nexus  
  191  33:12  Pylon x2  
  191  33:15  Assimilator  
  191  33:16  Assimilator  
  191  33:17  Pylon  
  191  33:18  Nexus  
  191  33:21  Pylon x2  
  191  33:22  Pylon  
  191  33:24  Pylon  
  191  33:25  Assimilator  
  191  33:28  Pylon  
  191  33:29  Pylon  
  191  33:31  Assimilator  
  191  33:33  Pylon  
  191  33:35  Assimilator  
  191  33:36  Pylon  
  191  33:38  Nexus  
  191  33:42  Assimilator  
  189  33:58  Photon Cannon  
  189  34:07  Photon Cannon  
  189  34:08  Photon Cannon  
  189  34:15  Photon Cannon x2  
  189  34:16  Photon Cannon  
  189  34:17  Photon Cannon  
  189  34:19  Photon Cannon  
  189  34:22  Nexus  
  189  34:28  Photon Cannon  
  189  34:31  Pylon, Nexus  
  189  34:32  Pylon  
  189  34:33  Pylon  
  189  34:35  Assimilator  
Show
View Real Time Build Order
Export as new Build Order

chuwanga Terran 

Build Orders: Command Center First (CC), MMM Bio 

Get SALT Encoding   

  12  0:01  SCV  
  13  0:14  SCV  
  14  0:18  Supply Depot  
  14  0:26  SCV  
  15  0:40  SCV  
  16  0:52  SCV  
  17  1:04  SCV  
  17  1:08  Command Center  
  18  1:16  SCV  
  19  1:20  Barracks  
  19  1:28  SCV  
  20  1:35  Refinery  
  20  1:41  SCV  
  21  1:47  Barracks  
  21  1:53  SCV  
  22  2:03  Refinery  
  22  2:05  SCV  
  23  2:16  Barracks  
  23  2:19  SCV  
  24  2:26  SCV  
  25  2:30  Marine  
  25  2:35  Orbital Command  
  26  2:41  SCV  
  27  2:49  Supply Depot  
  27  2:52  Marine x2  
  27  2:55  Orbital Command  
  29  3:01  SCV  
  29  3:03  Marine  
  31  3:10  Marine  
  32  3:14  Ghost Academy  
  32  3:17  SCV  
  33  3:25  Factory, SCV  
  34  3:28  Marine  
  34  3:29  Marine  
  36  3:38  SCV x2  
  38  3:42  Marine  
  38  3:47  Moebius Reactor  
  39  3:49  Marine x2  
  39  3:50  SCV  
  42  4:14  Marine  
  45  4:17  Factory Tech Lab  
  45  4:22  Barracks Tech Lab, Refinery  
  44  4:30  SCV x2  
  45  4:32  Marine  
  46  4:41  Barracks Tech Lab  
  46  4:50  Engineering Bay  
  46  4:51  Nuke  
  46  4:58  Starport  
  46  4:59  Supply Depot  
  46  5:00  Supply Depot  
  46  5:02  Supply Depot  
  46  5:05  Stimpack  
  46  5:07  Combat Shields  
  46  5:19  Refinery  
  46  5:20  Marine x2  
  46  5:21  Siege Tank, SCV x2  
  53  5:28  Ghost Academy  
  53  5:33  SCV x2  
  53  5:34  Marine  
  56  5:37  Starport Reactor  
  56  5:38  Marine x2  
  58  5:43  Supply Depot  
  58  5:44  Supply Depot, Terran Infantry Weapons Level 1  
  58  5:52  Ghost  
  60  6:05  Missile Turret  
  60  6:08  Missile Turret  
  60  6:10  SCV  
  61  6:14  Nuke  
  61  6:23  Medivac  
  61  6:24  Marine x3  
  66  6:42  Marine x3  
  69  6:48  Bunker  
  69  6:52  Bunker x2  
  69  6:59  Marine  
  69  7:00  Marine x2, Command Center  
  72  7:02  Liberator  
  72  7:17  Marine  
  72  7:18  Marine  
  78  7:22  SCV  
  78  7:23  SCV  
  79  7:32  Marine  
  79  7:34  SCV  
  79  7:35  Marine x2  
  82  8:14  Marine  
  82  8:15  Marine x2  
  85  8:32  Marine x2  
  85  8:33  Marine, Nuke x2  
  88  8:42  Orbital Command  
  88  8:44  SCV x2  
  90  8:50  Marine x3  
  90  8:51  Barracks  
  90  8:54  Barracks  
  93  8:56  Barracks, SCV x2  
  95  9:04  Ghost Academy  
  95  9:08  Marine x3, SCV  
  97  9:26  Marine x3  
  100  9:32  Bunker, Command Center  
  100  9:38  Missile Turret  
  100  9:43  Marine  
  101  9:57  Supply Depot  
  101  9:58  Supply Depot x2  
  101  10:05  Bunker  
  101  10:18  Marine x3, Siege Tank  
  107  10:36  Marine x3  
  107  10:37  Barracks  
  107  10:39  Medivac x2, Barracks  
  107  10:41  Barracks Tech Lab x2, Barracks  
  107  10:42  Barracks Tech Lab  
  114  10:51  Siege Tank  
  114  10:53  Missile Turret  
  114  10:54  Marine x3, Missile Turret  
  120  10:57  Missile Turret  
  120  11:03  Missile Turret, Planetary Fortress  
  120  11:09  Missile Turret  
  120  11:10  Marine x2  
  122  11:12  Marine  
  122  11:14  Missile Turret x2  
  123  11:23  Siege Tank  
  126  11:39  SCV  
  128  11:40  SCV x2  
  128  11:44  Marine x4  
  128  11:45  Marine x2  
  135  11:51  SCV  
  135  11:52  SCV x2  
  138  12:02  Marine x2  
  140  12:13  Command Center  
  140  12:14  Bunker  
  140  12:16  Missile Turret, Bunker  
  140  12:20  Supply Depot  
  140  12:21  Bunker  
  140  12:22  Supply Depot  
  140  12:23  Nuke  
  140  12:24  Supply Depot  
  140  12:34  Concussive Shells  
  140  12:36  Barracks Reactor  
  140  12:37  Barracks Reactor  
  140  12:38  Barracks Reactor  
  140  12:39  Barracks Reactor  
  140  12:42  Marine x3, Marauder, SCV x3  
  140  12:43  Siege Tank  
  151  12:47  Ghost  
  153  12:52  Refinery  
  153  12:54  SCV  
  154  12:59  Ghost x2  
  154  13:09  Medivac x2  
  156  13:15  Siege Tank  
  133  13:32  Marine x4  
  133  13:33  Marine x3  
  140  13:39  Medivac x2  
  144  13:50  Marine x5  
  144  13:53  Marine x2  
  151  14:02  Bunker  
  151  14:03  Bunker  
  151  14:05  Bunker  
  151  14:08  Bunker  
  151  14:09  Marine  
  152  14:10  Marine  
  153  14:18  Planetary Fortress  
  153  14:59  Marine x3  
  154  15:00  Marine x4  
  158  15:17  Marine x5  
  163  15:27  Nuke  
  163  15:31  Marine x2  
  163  15:35  Marine x4  
  169  16:13  Marine x3  
  169  16:14  Marine x2  
  172  16:26  SCV x3  
  172  16:27  Marine x2  
  172  16:29  Medivac  
  179  16:33  Marine x2  
  179  16:49  Missile Turret  
  179  16:52  Missile Turret  
  179  16:56  Missile Turret  
  179  17:16  Marine  
  179  17:17  Marine x4  
  179  17:20  SCV  
  179  17:21  Marine x2  
  179  17:22  Medivac  
  179  17:23  Siege Tank, Medivac  
  179  17:29  Nuke  
  158  17:34  Marine x2  
  158  17:35  Marine x3  
  159  17:38  Marine x2  
  160  17:52  Marine x3  
  160  17:53  Marine x2, Bunker  
  160  17:55  Siege Tank, Bunker  
  160  17:56  Marine x2  
  160  17:57  Bunker  
  170  18:01  Medivac x2  
  174  18:10  Marine x4  
  174  18:11  Marine  
  179  19:02  Ghost  
  179  19:43  Bunker  
  179  19:44  Command Center  
  179  19:46  Bunker  
  179  19:48  Missile Turret, Bunker  
  179  19:49  Missile Turret  
  179  19:52  Supply Depot  
  179  19:53  Supply Depot  
  179  19:54  Supply Depot  
  179  19:56  Supply Depot x2  
  179  19:58  Supply Depot  
  179  20:11  Nuke x2  
  179  20:13  Ghost x2  
  179  20:14  Marine x3, Siege Tank, Ghost x2, SCV  
  194  20:31  Marine x2, Ghost  
  198  20:42  Marine x2  
  200  20:50  Refinery  
  199  21:00  Marine, Planetary Fortress  
  200  21:06  Missile Turret  
  200  21:09  Missile Turret  
  200  21:10  Missile Turret  
  200  21:14  Missile Turret  
  200  21:48  Armory  
  200  21:59  Refinery  
  200  22:00  Refinery  
  118  24:50  Marine x7  
  125  24:57  Siege Tank  
  121  25:07  Marine  
  121  25:08  Marine x6  
  81  25:25  Marine  
  81  25:26  Marine x6  
  87  25:29  Siege Tank  
  87  25:32  Nuke x3  
  90  25:43  Marine  
  90  26:34  Ghost  
  90  26:35  Ghost x2  
  90  26:36  Ghost x2  
  100  26:46  Marine  
  100  26:47  Marine  
  101  26:51  Hellbat  
  104  26:55  Medivac  
  106  27:03  Ghost x2  
  106  27:04  Marine x2, Ghost x2  
  106  27:05  Ghost  
  118  27:13  Hellbat  
  120  27:22  Marine x2  
  121  27:32  Ghost x3  
  121  27:33  Ghost x2  
  121  27:34  Hellbat  
  133  27:40  Marine x2  
  135  27:55  Hellbat  
  137  27:59  Marine  
  137  28:00  Marine, Ghost  
  137  28:01  Ghost x3  
  137  28:02  Ghost  
  149  28:17  Marine, Hellbat  
  149  28:18  Marine  
  96  28:29  Ghost x2  
  96  28:30  Marine x2  
  21  28:50  Marine x2  
  21  28:51  Marine x2  
  23  28:57  Ghost x2  
  23  28:58  Ghost  
  12  29:54  Marine x4  
  13  30:11  Marine x2  
  13  30:19  Nuke  
  13  30:20  Nuke x2  
  11  30:22  Marine x4  
  15  30:30  SCV  
  15  30:32  Marine, SCV  
  15  30:33  Marine x2  
  20  30:40  Marine x4  
  20  30:42  SCV  
  25  30:44  SCV  
  26  30:50  Marine x3  
  26  30:54  SCV  
  26  30:56  SCV  
  31  30:58  Marine x3  
  30  31:39  Marine x2  
  21  31:40  Marine x2  
  3  32:44  Marine x2  
  3  32:45  Marine x2  
  3  32:47  Siege Tank  
Tags
 
Add a new tag
Caveats
  • Supply blocks, unpowered buildings, or Contaminate may cause inaccurate times.
  • Supply counts are checked every 10 seconds.